 Dungeon Crawl Stone Soup version 0.28.0-1-gb440e238dd (webtiles) character file.

Game seed: 3432802507211622074

0 Zeldest the Caller (level 1, -3/9 HPs)
             Began as a Vine Stalker Summoner on Feb 21, 2022.
             Slain by a goblin (4 damage)
             ... on level 1 of the Dungeon.
             The game lasted 00:00:20 (21 turns).

Zeldest the Caller (Vine Stalker Summoner)            Turns: 21, Time: 00:00:21

Health: -3/9       AC:  2    Str: 10    XL:     1   Next: 10%
Magic:  0/4        EV: 12    Int: 15    God:
Gold:   0          SH:  0    Dex: 14    Spells: 3/4 levels left

rFire   . . .      SeeInvis .   (no weapon)
rCold   . . .      Faith    .   (no shield)
rNeg    . . .      Spirit   +   a - +0 robe
rPois   .          Reflect  .   (no helmet)
rElec   .          Harm     .   (no cloak)
rCorr   .          Rampage  .   (no gloves)
Will    .....                   (no boots)
Stlth   ++........              (no amulet)
HPRegen 0.03/turn               (no ring)
MPRegen 0.09/turn               (no ring)

@: no status effects
A: fangs 2, magic shield, antimagic bite, no potion heal 2
a: no special abilities


You were on level 1 of the Dungeon.
You visited 1 branch of the dungeon, and saw 1 of its levels.

Inventory:

Armour
 a - a +0 robe (worn)


   Skills:
 + Level 0.0 Fighting
 - Level 1.5 Dodging
 - Level 2.4 Stealth
 + Level 0.0 Unarmed Combat
 - Level 2.1 Spellcasting
 + Level 4.0 Summonings


You had 3 spell levels left.
You knew the following spells:

 Your Spells              Type           Power      Damage    Failure   Level
a - Summon Small Mammal   Summ           52%        N/A       4%          1

Your spell library contained the following spells:

 Spells                   Type           Power      Damage    Failure   Level
 Call Imp                 Summ           13%        N/A       6%          2
 Call Canine Familiar     Summ           13%        N/A       13%         3
 Summon Guardian Golem    Hex/Summ       7%         N/A       28%         3
 Summon Lightning Spire   Summ/Air       7%         N/A       67%         4


Dungeon Overview and Level Annotations

Branches:
Dungeon (1/15)

Altars:


Innate Abilities, Weirdness & Mutations

You have extremely sharp teeth.
When hurt, damage is shared between your health and your magic reserves.
Your bite disrupts and absorbs the magic of your enemies.
Potions cannot restore your health.


Message History

The rat bites you but does no damage.
You closely miss the rat. The rat bites you.
Your quokka closely misses the rat.
You closely miss the rat. You bite the rat, but do no damage.
The rat barely misses you.
Your quokka bites the rat but does no damage.
You hit the rat. You bite the rat, but do no damage.
The rat is moderately wounded.
The rat closely misses you.
Your quokka bites the rat.
The goblin barely misses you.
The bat hits your quokka but does no damage.
Your quokka bites the bat.
The rat bites your quokka.
You hit the goblin.
The goblin is moderately wounded.
The bat hits your quokka.
Your quokka misses the bat. The rat misses your quokka.
The goblin hits you with a +0 dagger.
You completely miss the goblin.
The goblin is moderately wounded.
The bat closely misses your quokka.
Your quokka misses the bat. The rat bites your quokka.
Your quokka dies!
Your quokka's corpse disappears in a puff of smoke!
The goblin hits you with a +0 dagger.
Casting: Summon Small Mammal (safe; 4% risk of failure)
Confirm with . or Enter, or press ? or * to list all spells.
The bat barely misses you. The goblin hits you with a +0 dagger.
* * * LOW HITPOINT WARNING * * *
You enter the shallow water.
Moving in this stuff is going to be slow.
The bat barely misses your rat. The bat closely misses your rat.
The bat barely misses your rat.
Your rat barely misses the goblin.
The bat hits your rat but does no damage. x2
Your rat splashes around in the water.
Your rat closely misses the goblin.
The bat hits you but does no damage.
Your rat bites the rat.
The rat dies!
Casting: Summon Small Mammal (safe; 4% risk of failure)
Confirm with . or Enter, or press ? or * to list all spells.
The goblin hits you with a +0 dagger.
You die...

≈≈≈≈≈≈≈≈.≈≈≈≈≈≈..
..≈≈≈≈.<.≈≈≈≈..##
..≈≈≈≈≈..≈≈≈≈≈≈.##
..≈≈≈≈≈.≈≈≈..≈≈..#
≈...≈≈.≈≈≈≈≈...≈.#
≈≈≈.≈.≈≈≈≈≈.##....#
≈≈....b..r...# .###
.≈≈.###g###.#.# .#
##≈##b@## ##### ..
## #### ##


You could see a goblin (ally target), a friendly bat (summoned) and a friendly
rat (summoned).

Vanquished Creatures (collateral kills)
  A rat (D:1)
1 creature vanquished.

Notes
Turn   | Place    | Note
-------+----------+-------------------------------------------
     0 | D:1      | Zeldest the Vine Stalker Summoner began the quest for the
                  | Orb.
     0 | D:1      | Reached XP level 1. HP: 9/9 MP: 4/4
    21 | D:1      | Slain by a goblin

Illustrated notes

Levels and vault maps discovered:
D:1:      dpeg_arrival_subterranean_lakeside_camping, layout_basic,
          serial_shops, shop

Action                   || total
-------------------------++-------
Melee: Unarmed           ||     8
       Bite              ||     2
 Cast: Summon Small Mamm ||     3
Armor: Robe              ||     2
Dodge: Dodged            ||     7
